Get step-by-step instructions on how to execute this build order below. Start the game timer, and the build order will tick by so you can play in parallel with StarCraft on a second screen or mobile device.

Game Time

  0:00

Last Step

  N/A

Next Step

  12  0:00  Probe  

Upcoming Step

  13  0:12  Probe  

Don't want to look back and forth between 2 screens? Try out our Overwolf App, the Spawning Tool Build Advisor to get an in-game overlay with this build!

Complete Build Order

  12  0:00  Probe  
  13  0:12  Probe  
  14  0:16  Pylon  
  14  0:24  Probe (Chrono Boost)  
  16  0:35  Gateway  
  16  0:36  Probe (Chrono Boost)  
  16  0:43  Probe (Chrono Boost)  
  16  0:46  Assimilator  
  17  0:50  Probe  
  17  0:53  Assimilator  
  18  1:03  Probe (Chrono Boost)  
  19  1:11  Gateway  
  20  1:12  Probe (Chrono Boost)  
  20  1:17  Probe (Chrono Boost)  
  20  1:23  Cybernetics Core  
  21  1:29  Probe  
  22  1:34  Pylon  
  22  1:41  Probe  
  23  1:53  Probe  
  24  1:57  Warp Gate (Chrono Boost)  
  24  1:59  Stalker, Sentry  
  28  2:11  Pylon  
  28  2:22  Stalker  
  30  2:29  Stalker  
  32  2:31  Phoenix  
  32  2:45  Nexus  
  32  2:51  Shield Battery  
  32  2:53  Sentry  
  32  2:57  Probe  
  35  3:09  Probe  
  32  3:21  Probe  
  33  3:33  Probe  
  34  3:38  Stalker x2  
  37  3:45  Probe (Chrono Boost)  
  35  3:58  Probe (Chrono Boost)  
  35  4:01  Sentry x2  
  41  4:03  Probe (Chrono Boost)  
  41  4:05  Robotics Facility  
  41  4:06  Probe (Chrono Boost)  
  43  4:11  Probe (Chrono Boost)  
  43  4:16  Probe (Chrono Boost)  
  44  4:17  Probe (Chrono Boost)  
  46  4:24  Probe  
  46  4:25  Sentry  
  46  4:28  Stalker  
  46  4:30  Probe  
  51  4:36  Pylon  
  51  4:40  Probe (Chrono Boost)  
  51  4:44  Probe (Chrono Boost)  
  54  4:56  Probe (Chrono Boost)  
  54  4:57  Warp Prism (Chrono Boost), Probe (Chrono Boost)  
  57  5:05  Probe  
  58  5:18  Stalker x2  
  60  5:24  Probe x2  
  60  5:27  Pylon  
  62  5:35  Observer (Chrono Boost)  
  57  5:44  Immortal (Chrono Boost)  
  61  5:50  Stalker x2  
  61  5:56  Probe  
  66  5:59  Probe  
  67  6:04  Pylon  
  67  6:08  Probe  
  67  6:11  Probe  
  65  6:13  Immortal (Chrono Boost)  
  67  6:24  Adept x2  
  67  6:27  Probe x2  
  67  6:28  Nexus  
  69  6:44  Immortal  
  69  6:45  Stalker  
  69  6:46  Stalker  
  67  7:07  Probe x2  
  67  7:09  Gateway  
  67  7:10  Adept x2  
  67  7:15  Gateway  
  71  7:16  Assimilator  
  71  7:19  Probe  
  72  7:23  Immortal (Chrono Boost)  
  72  7:27  Probe  
  72  7:29  Pylon  
  77  7:41  Probe  
  78  7:46  Probe  
  79  7:51  Stalker  
  79  7:52  Stalker  
  79  7:55  Probe  
  84  8:00  Immortal (Chrono Boost)  
  84  8:01  Probe  
  84  8:02  Pylon  
  85  8:06  Probe  
  85  8:08  Probe  
  85  8:11  Stalker x2  
  91  8:13  Probe (Chrono Boost)  
  91  8:16  Pylon  
  91  8:17  Shield Battery, Adept x2  
  97  8:20  Probe (Chrono Boost)  
  97  8:22  Gateway  
  97  8:26  Pylon